 Dungeon Crawl Stone Soup version 0.17.0-23-g0de4337 (webtiles) character file.

58 srt19170 the Ducker (level 3, 0/36 HPs)
             Began as a Troll Fighter on Nov 14, 2015.
             Slain by an orc
             ... wielding a +0 trident
              (6 damage)
             ... on level 3 of the Dungeon.
             The game lasted 00:22:59 (1436 turns).

srt19170 the Ducker (Troll Fighter)                 Turns: 1436, Time: 00:22:59

Health: 0/36       AC:  5    Str: 29    XL:     3   Next: 75%
Magic:  2/2        EV:  8    Int:  4    God:
Gold:   101        SH:  0    Dex: 10    Spells: 0 memorised, 2 levels left

rFire  . . .     SeeInvis .     a - +0 war axe
rCold  . . .     Clarity  .     n - +0 robe
rNeg   . . .     SustAt   .     c - +0 shield
rPois  .         Gourm    +     (helmet restricted)
rElec  .         Spirit   .     (no cloak)
rCorr  .         Warding  .     (gloves unavailable)
rMut   .         Stasis   .     (boots unavailable)
MR     .....                    (no amulet)
Stlth  +.........               (no ring)
                                (no ring)

@: confused, mighty, not resistant to hostile enchantments, very unstealthy
A: unfitting armour, claws 3, fast metabolism 3, gourmand, regeneration 2,
shaggy fur 1, tough skin 2
a: no special abilities


You were on level 3 of the Dungeon.
You were not hungry.

You visited 1 branch of the dungeon, and saw 3 of its levels.

You collected 101 gold pieces.

Inventory:

Hand Weapons
 a - a +0 war axe (weapon)
 r - a +0 hunting sling
Missiles
 b - 13 bolts
 g - 38 stones (quivered)
 k - 16 bolts of frost
 l - 56 arrows
 s - 18 sling bullets
 x - 14 poisoned arrows
 y - 17 sling bullets of flame
Armour
 c - a +0 shield (worn)
 n - a +0 robe (worn)
Scrolls
 f - 7 scrolls of identify {unknown}
 h - a scroll of teleportation {unknown}
 i - 2 scrolls of blinking {unknown}
 j - 2 scrolls of recharging {unknown}
 m - a scroll of enchant weapon {unknown}
 o - a scroll of fear {unknown}
 p - a scroll of fog {unknown}
 q - a scroll of remove curse {unknown}
 t - a scroll of amnesia {unknown}
 v - a scroll of random uselessness {unknown}
 w - a scroll of immolation {unknown}
Comestibles
 e - 4 bread rations
 u - 2 fruits
 z - a slice of pizza


   Skills:
 + Level 2.8 Fighting
 + Level 1.9 Axes
 + Level 3.1 Dodging
 + Level 2.8 Shields


You had 2 spell levels left.
You didn't know any spells.

Dungeon Overview and Level Annotations

Branches:
Dungeon (3/15)

Altars:
Elyvilon
Yredelemnul


Innate Abilities, Weirdness & Mutations

You are too large for most types of armour.
You have claws for hands.
Your metabolism is lightning-fast.
You like to eat raw meat.
You heal very quickly.
You are covered in fur (AC +1).
You have very tough skin (AC +2).


Message History

You closely miss the orc wizard.
The orc wizard is severely wounded.
The orc wizard gestures at you while chanting.
You are confused.
The orc closely misses you.
The orc wizard gestures at you while chanting.
You are more confused.
The orc closely misses you.
The orc wizard hits you but does no damage.
You bump into the rock wall.
The orc wizard hits you but does no damage.
The orc hits you from afar with a trident.
* * * LOW HITPOINT WARNING * * *
Unknown command.
Drink which item? (? for menu, Esc to quit)
You feel very mighty all of a sudden. The orc wizard casts a spell at you.
The puff of flame hits you!
The orc hits you from afar with a trident.
You die...

#.# #.# #.#
#%# #.#
####### #.#
#.....# #.#
#.....###.#
+(...)ooo@#
#%....#####
.((((...#
.....o..#
(.......#
...######
###


You could see an orc wizard and 2 orcs.

Vanquished Creatures
  2 adders (D:2)
  A worm (D:2)
  An orc (D:3)
  A ball python (D:1)
  4 goblins
  4 hobgoblins (D:2)
  4 jackals (D:2)
  3 bats
  6 giant newts
  4 kobolds
  6 rats
36 creatures vanquished.

Notes
Turn   | Place    | Note
--------------------------------------------------------------
     0 | D:1      | srt19170 the Troll Fighter began the quest for the Orb.
     0 | D:1      | Reached XP level 1. HP: 22/22 MP: 0/0
   237 | D:1      | Reached XP level 2. HP: 29/29 MP: 1/1
   777 | D:2      | Reached skill level 3 in Dodging
   777 | D:2      | Reached XP level 3. HP: 36/36 MP: 2/2
   813 | D:2      | Found a white marble altar of Elyvilon.
   993 | D:2      | Found a basalt altar of Yredelemnul.
  1436 | D:3      | Slain by an orc

Action                   || total
-------------------------++-------
Melee: War axe           ||   119
Throw: Stone             ||    14
  Use: Potion            ||     3
  Eat: Chunk             ||     7
       Meat ration       ||     1
       Beef jerky        ||     1
